 Dungeon Crawl Stone Soup version 0.17-a0-1-g1f4be75 (webtiles) character file.

2200 eeldvark the Jester (level 9, -8/40 HPs)
             Began as a Spriggan Artificer on Mar 13, 2015.
             Was a Follower of Nemelex Xobeh.
             Killed from afar by an orc wizard (14 damage)
             ... with a puff of flame
             ... on level 7 of the Dungeon.
             The game lasted 01:15:03 (10752 turns).

eeldvark the Jester (Spriggan Artificer)           Turns: 10752, Time: 01:15:03

Health: -8/40      AC:  3    Str:  7    XL:     9   Next: 12%
Magic:  25/25      EV: 26    Int: 13    God:    Nemelex Xobeh [*.....]
Gold:   623        SH:  0    Dex: 22    Spells: 0 memorised, 8 levels left

rFire  . . .     SeeInvis +     F - +3 dagger (venom)
rCold  . . .     Clarity  .     e - +1 robe
rNeg   . . .     SustAb   .     (shield restricted)
rPois  .         Gourm    .     (helmet restricted)
rElec  .         Spirit   .     (no cloak)
rCorr  .         Warding  .     (gloves unavailable)
rMut   .         Stasis   .     (boots unavailable)
MR     ++...                    (no amulet)
Stlth  +++++.....               E - +2 ring of dexterity
                                k - ring of protection from magic

@: about to teleport, very quick, very resistant to hostile enchantments, quite
stealthy
A: unfitting armour, see invisible, herbivore 3, speed 3, slow metabolism 2
a: Renounce Religion


You were on level 7 of the Dungeon.
You worshipped Nemelex Xobeh.
Nemelex Xobeh was aware of your devotion.
You were not hungry.

You visited 2 branches of the dungeon, and saw 8 of its levels.

You collected 623 gold pieces.

Inventory:

Hand weapons
 j - a +0 dagger of distortion
 t - a +0 dagger of electrocution
 F - a +3 dagger of venom (weapon)
Armour
 e - a +1 robe (worn)
Jewellery
 k - a ring of protection from magic (left hand)
 E - a +2 ring of dexterity (right hand)
 H - an uncursed ring of see invisible
Magical devices
 a - a wand of digging (8)
 b - a wand of flame (0)
 c - a wand of enslavement (0)
 d - a wand of random effects (0)
 D - a wand of fire (0)
Scrolls
 h - 4 scrolls of identify
 q - a scroll of enchant weapon
 s - a scroll of immolation
 y - a scroll of recharging {unknown}
 A - a scroll of fog
 C - a scroll of blinking {unknown}
 J - a scroll of enchant armour
 L - a scroll of silence {unknown}
 N - a scroll of random uselessness {unknown}
Potions
 g - 4 potions of brilliance {unknown}
 i - a potion of cancellation {unknown}
 l - 5 potions of mutation {unknown}
 n - 3 potions of cure mutation {unknown}
 p - a potion of beneficial mutation {unknown}
 v - a potion of poison {unknown}
 x - 2 potions of lignification {unknown}
 z - a potion of haste {unknown}
 B - 3 potions of might {unknown}
 G - a potion of agility {unknown}
 I - 2 potions of resistance
 K - a potion of heal wounds {unknown}
 M - a potion of berserk rage {unknown}
Books
 m - a book of Fire

   Spells                             Type                      Level
   a - Ignite Poison                  Fire/Transmutation           5
   b - Fireball                       Conjuration/Fire             5
   c - Bolt of Fire                   Conjuration/Fire             6
   d - Delayed Fireball               Conjuration/Fire             7
   e - Ring of Flames                 Charms/Fire                  7
 O - a book of Alchemy

   Spells                             Type                      Level
   a - Sublimation of Blood           Necromancy                   2
   b - Alistair's Intoxication        Transmutation/Poison         4
   c - Condensation Shield            Ice                          4
   d - Petrify                        Transmutation/Earth          4
   e - Ignite Poison                  Fire/Transmutation           5
   f - Irradiate                      Conjuration/Transmutation    5
Comestibles
 f - 3 bread rations
 o - 2 royal jellies
 r - a beef jerky


   Skills:
 - Level 0.7 Fighting
 * Level 8.2 Short Blades
 + Level 8.1 Dodging
 + Level 8.8 Stealth
 + Level 8.9 Evocations


You had 8 spell levels left.
You didn't know any spells.

Dungeon Overview and Level Annotations

Branches:
Dungeon (7/15)             Temple (1/1) D:4

Altars:
Ashenzari
Cheibriados
Dithmenos
Elyvilon
Fedhas
Gozag
Kikubaaqudgha
Makhleb
Nemelex Xobeh
Okawaru
Ru
Sif Muna
Trog
Vehumet
Xom
Yredelemnul
Zin
The Shining One

Shops:
D:6 :(

Annotations:
D:7 exclusion: centaur


Innate Abilities, Weirdness & Mutations

You are tiny and cannot use many weapons and most armour.
You have supernaturally acute eyesight.
You are a herbivore.
You cover ground extremely quickly.
You need consume almost no food.


Message History

The magic dart hits you!
* * * LOW HITPOINT WARNING * * *
Read which item? (? for menu, Esc to quit)
As you read the scroll of teleportation, it crumbles to dust.
You feel strangely unstable. The orc wizard hits you with a dagger.
* * * LOW HITPOINT WARNING * * *
You closely miss the orc wizard.
The orc wizard is moderately wounded.
You hit the orc wizard.
The orc wizard is heavily wounded.
The orc wizard gestures at you while chanting.
The puff of flame misses you.
You hit the orc wizard.
The orc wizard is poisoned.
The orc wizard is severely wounded.
You closely miss the orc wizard.
The orc wizard is severely wounded.
The orc wizard gestures at you while chanting.
The puff of flame hits you!
You die...
Your body glows slightly and disappears.

#.......$PP........## #.....
##.....♣...♣........# #....
##................## #....
#..............()## ##... ###
#................###.o.. ..#####
###...###.........##.##..
#.....###.###..##.........o.#####
##.#.......##..###o.....)..##
#..####......#..@oo((...(.## #..#
##)......####......## ...#
#.......## ######..###### ...#
##........## ##..##..## ...#
#.)........## ###......# ####
#...........# ##........#
#...........# #..........
#..........## #....).....
##........## ###........


You could see an orc wizard (invisible) and 2 orcs.

Vanquished Creatures
  2 orc warriors
  2 sky beasts (D:7)
  4 ogres
  A centaur (D:6)
  3 big kobolds (D:3)
  2 giant frogs (D:6)
  2 scorpions
  A killer bee (D:6)
  2 hounds
  3 goliath beetles
  A crimson imp (D:7)
  An orc priest (D:3)
  A centaur skeleton (D:7)
  3 giant frog skeletons
  2 iguanas
  4 orc wizards
  2 worker ants
  A killer bee zombie (D:5)
  Ijyb (D:3)
  Jessica (D:3)
  A hound zombie (D:3)
  Terence (D:3)
  A gnoll (D:3)
  Robin (D:3)
  9 adders
  4 shadow imps
  4 worms
  An adder zombie (D:6)
  An adder skeleton (D:7)
  2 oozes
  11 orcs
  19 bats
  2 bat skeletons (D:6)
  18 goblins
  19 hobgoblins
  4 jackals
  3 quokkas
  2 ball pythons
  4 giant cockroaches
  6 giant geckos
  6 giant newts
  49 kobolds
  2 quokka zombies
  22 rats
231 creatures vanquished.

Vanquished Creatures (collateral kills)
  An orc priest (D:3)
  5 orcs (D:3)
  4 kobolds (D:3)
  A quokka (D:3)
  A goblin (D:3)
  A rat (D:6)
13 creatures vanquished.

Vanquished Creatures (others)
  4 orcs (D:3)
  3 jackals (D:2)
7 creatures vanquished.

Grand Total: 251 creatures vanquished

Notes
Turn   | Place    | Note
--------------------------------------------------------------
     0 | D:1      | eeldvark, the Spriggan Artificer, began the quest for the Orb.
     0 | D:1      | Reached XP level 1. HP: 9/9 MP: 2/2
   547 | D:1      | Reached XP level 2. HP: 14/14 MP: 5/5
  1185 | D:1      | Reached XP level 3. HP: 15/17 MP: 8/8
  1404 | D:2      | Found a glowing golden altar of the Shining One.
  1506 | D:2      | Found a radiant altar of Vehumet.
  2216 | D:2      | Reached XP level 4. HP: 21/21 MP: 11/11
  2741 | D:3      | Noticed Terence
  2883 | D:3      | Noticed Ijyb
  2893 | D:3      | Reached skill level 5 in Evocations
  2921 | D:3      | Killed Ijyb
  2921 | D:3      | Reached XP level 5. HP: 10/25 MP: 14/14
  3160 | D:3      | Noticed Jessica
  4100 | D:3      | Noticed a big kobold
  4140 | D:3      | Noticed a big kobold
  4185 | D:3      | a big kobold changed into a worm
  4207 | D:3      | Noticed a big kobold
  4216 | D:3      | Killed a big kobold
  4216 | D:3      | Reached XP level 6. HP: 9/29 MP: 17/17
  4255 | D:3      | Killed a big kobold
  4255 | D:3      | Reached skill level 5 in Dodging
  4255 | D:3      | Reached skill level 5 in Stealth
  4451 | D:3      | Noticed a big kobold
  4482 | D:3      | Killed a big kobold
  4482 | D:3      | Reached skill level 6 in Evocations
  4759 | D:3      | Killed Terence
  4792 | D:3      | Noticed Robin
  4889 | D:3      | Killed Robin
  5133 | D:3      | Killed Jessica
  5175 | D:4      | Reached skill level 5 in Short Blades
  5204 | D:4      | Found a staircase to the Ecumenical Temple.
  5221 | Temple   | Entered the Ecumenical Temple
  5348 | D:4      | Reached XP level 7. HP: 32/32 MP: 20/20
  6564 | D:5      | Entered Level 5 of the Dungeon
  6911 | D:5      | Found a shadowy altar of Dithmenos.
  7643 | D:5      | Found an opulent altar of Gozag.
  7652 | D:5      | Reached skill level 7 in Evocations
  7971 | D:5      | Found a basalt altar of Yredelemnul.
  8169 | D:6      | Reached XP level 8. HP: 37/37 MP: 22/22
  8287 | D:6      | Found Wutotail's Antique Weapon Emporium.
  8597 | D:6      | Found a sparkling altar of Nemelex Xobeh.
  8635 | D:6      | Became a worshipper of Nemelex Xobeh the Trickster
  8736 | D:6      | Received a gift from Nemelex Xobeh
  9375 | D:6      | Found Schefikh's Book Emporium.
  9618 | D:6      | Reached skill level 8 in Evocations
 10097 | D:7      | Found an ancient bone altar of Kikubaaqudgha.
 10522 | D:7      | Reached XP level 9. HP: 40/40 MP: 25/25
 10587 | D:7      | Found a white marble altar of Elyvilon.
 10752 | D:7      | Killed from afar by an orc wizard

Action                   |  1- 3 |  4- 6 |  7- 9 || total
-------------------------+-------+-------+-------++-------
Melee: Short sword       |   158 |   395 |    72 ||   625
       Dagger            |       |       |   296 ||   296
Throw: Tomahawk          |       |    11 |     9 ||    20
Evoke: Wand              |    10 |    34 |     9 ||    53
       Deck              |       |       |     5 ||     5
  Use: Scroll            |       |     3 |    11 ||    14
 Stab: Sleeping          |     8 |     7 |    14 ||    29
       Distracted        |       |     2 |     1 ||     3
  Eat: Fruit             |       |     3 |     1 ||     4
       Pizza             |       |       |     1 ||     1
       Bread ration      |       |       |     1 ||     1
